 Dungeon Crawl Stone Soup version 0.27.1-3-gb3d3a73c9e (webtiles) character file.

Game seed: 16232114311999642274

2998 ABBCCCDDDD the Basher (level 9, -6/108 HPs)
             Began as a Demonspawn Berserker on Oct 13, 2021.
             Was a Priest of Trog.
             Mangled by a killer bee (7 damage)
             ... on level 7 of the Dungeon.
             The game lasted 00:08:38 (8226 turns).

ABBCCCDDDD the Basher (Demonspawn Berserker)        Turns: 8226, Time: 00:08:39

Health: -6/108     AC: 13    Str: 26    XL:     9   Next: 54%
Magic:  9/9        EV:  5    Int:  9    God:    Trog [***...]
Gold:   344        SH: 17    Dex: 13    Spells: 8/8 levels left

rFire    . . .     SeeInvis +   q - +0 flail
rCold    . . .     Faith    .   c - +0 kite shield
rNeg     . . .     Spirit   .   y - +0 plate armour
rPois    .         Reflect  .   (helmet unavailable)
rElec    .         Harm     .   i - +0 cloak
rCorr    +         Rampage  .   (no gloves)
Will     ++...                  h - +0 pair of boots
Stlth    ..........             (no amulet)
HPRegen  1.28/turn              f - ring of resist corrosion
MPRegen  0.11/turn              n - +6 ring of strength

@: berserking (expiring), lethally poisoned (-6 -> -13), strong-willed,
regenerating, slowed
A: antennae 3, large bone plates 2, demonic guardian 1
a: Renounce Religion, Berserk, Trog's Hand


You were on level 7 of the Dungeon.
You worshipped Trog.
Trog was most pleased with you.
You visited 1 branch of the dungeon, and saw 8 of its levels.

You collected 389 gold pieces.
You spent 45 gold pieces at shops.

Inventory:

Hand Weapons
 q - a +0 flail (weapon)
Missiles
 t - 4 poisoned darts (quivered)
Armour
 c - a +0 kite shield (worn)
 h - a +0 pair of boots (worn)
 i - a +0 cloak (worn)
 y - a +0 plate armour (worn)
Jewellery
 f - a ring of resist corrosion (left hand)
 n - a +6 ring of strength (right hand)
 w - a +6 ring of strength
Wands
 b - a wand of flame (22)
 u - a wand of iceblast (14)
Scrolls
 a - a scroll of torment {unknown}
 d - 3 scrolls of silence {unknown}
 g - 4 scrolls of identify {unknown}
 j - a scroll of noise {unknown}
 m - 3 scrolls of enchant weapon {unknown}
 p - a scroll of amnesia {unknown}
 r - 2 scrolls of teleportation {unknown}
 v - a scroll of immolation {unknown}
 x - a scroll of magic mapping {unknown}
Potions
 e - 2 potions of might {unknown}
 k - 5 potions of curing {unknown}
 o - a potion of heal wounds {unknown}
 s - 2 potions of degeneration {unknown}


   Skills:
 + Level 7.3 Fighting
 * Level 9.1 Maces & Flails
 - Level 2.0 Armour
 - Level 2.0 Dodging
 + Level 5.9 Shields


You had 8 spell levels left.
You didn't know any spells.
Your spell library was empty.

Dungeon Overview and Level Annotations

Branches:
Dungeon (8/15)             Temple (0/1) D:7
   Lair: D:8-11

Altars:
Ashenzari
Dithmenos
Elyvilon
Fedhas
Hepliaklqana
Kikubaaqudgha
Nemelex Xobeh
Okawaru
Trog
Yredelemnul
The Shining One

Shops:
D:2 [

Annotations:
D:8 Psyche


Innate Abilities, Weirdness & Mutations

You have a pair of large antennae on your head. (SInv)
You are mostly covered in large bone plates. (SH +6)
A weak demonic guardian rushes to your aid.


Message History

You feel yourself speed up.
You feel very sick. The killer bee stings you!
* * * LOW HITPOINT WARNING * * *
A demonic guardian appears!
The hornet stings you.
* * * LOW HITPOINT WARNING * * *
You are more poisoned.
You suddenly lose the ability to move!
The killer bee stings you.
* * * LOW HITPOINT WARNING * * *
The hornet stings you but does no damage.
The killer bee stings you but does no damage.
You can move again.
You closely miss the hornet.
The hornet is severely wounded.
You feel sick.
The hornet stings you but does no damage.
You block the killer bee's attack.
You closely miss the hornet.
The hornet is severely wounded.
You feel very sick. The hornet stings you.
* * * LOW HITPOINT WARNING * * *
You feel yourself slow down. You block the killer bee's attack.
Your quasit misses the killer bee.
Your quasit barely misses the killer bee.
Your quasit claws the killer bee but does no damage.
The hornet stings you but does no damage.
The killer bee barely misses you.
You hit the hornet.
The hornet is severely wounded.
You feel sick. You block the killer bee's attack.
Your quasit closely misses the killer bee.
Your quasit claws the killer bee.
Your quasit claws the killer bee but does no damage.
The hornet stings you.
* * * LOW HITPOINT WARNING * * *
You are more poisoned.
You feel as though you will be slow longer.
The killer bee stings you!
You die...

########.#.#.......#####.#
#.#.#.###########.#
#.#.#.............#
#.#.#.##......#####
#.#.#.##......#
########)#.#.##......#######
#........#.#.##......'......
#.########y#.##......#######
#.##...#.5y@.........#
#.##.#.....#.#.#####.#
#.##.###.....#.### #.#
#.....)#.....#.#.# #.#
####.#.#..)......# #.#
#...#.#...#...#.# #.#
#.###.#.#.#...#.# #.#######
#.# #.#.#.#.#.#.# #........
#.# #.#.#.#.#.#.###..######


You could see a hornet, a killer bee (ally target) and a friendly quasit
(summoned).

Levels and vault maps discovered:
D:1:      dpeg_arrival_shrine, layout_loops_ring, minmay_misc_feat_iff,
          roderic_lattice_a, minmay_pentomino_p4
D:2:      layout_loops_cross, dilly_ecumenical_altar_fadedgnrine, serial_shops,
          nicolae_shop_crystal, minmay_stone_trees_small
D:3:      layout_basic, minitemple, chequers_serial_rivers_large_b
D:4:      layout_loops_ring, ebering_ghost_sewer_f
D:5:      layout_cave_pools, minmay_overflow_temple_hex
D:6:      layout_cave_pools, amcnicky_altar_gilded, mainiacjoe_overflow_paths,
          kennysheep_generic_room_3
D:7:      layout_basic, minmay_temple_entry_arrows, uniq_pikel, uniq_menkaure
D:8:      layout_rooms, nicolae_vehumet_radiance, uniq_gastronok, uniq_psyche

Notes
Turn   | Place    | Note
-------+----------+-------------------------------------------
     0 | D:1      | ABBCCCDDDD the Demonspawn Berserker began the quest for the
                  | Orb.
     0 | D:1      | Reached XP level 1. HP: 18/18 MP: 1/1
   664 | D:1      | Gained mutation: You are partially covered in large bone
                  | plates. (SH +4) [demonic ancestry]
   664 | D:1      | Reached XP level 2. HP: 24/24 MP: 2/2
   836 | D:1      | Reached skill level 3 in Maces & Flails
  1664 | D:2      | Gained mutation: You have a pair of small antennae on your
                  | head. [demonic ancestry]
  1664 | D:2      | Reached XP level 3. HP: 29/29 MP: 3/3
  1767 | D:2      | Reached skill level 1 in Shields
  1867 | D:2      | Found Musep's Armour Shop.
  1873 | D:2      | Bought a +0 cloak for 45 gold pieces
  2116 | D:2      | Reached ** piety under Trog
  2166 | D:2      | Gained mutation: You are mostly covered in large bone
                  | plates. (SH +6) [demonic ancestry]
  2166 | D:2      | Reached XP level 4. HP: 28/35 MP: 4/4
  2320 | D:2      | Found a faded altar of an unknown god.
  2857 | D:3      | Noticed a necrophage
  2871 | D:3      | Killed a necrophage
  2872 | D:3      | Reached skill level 4 in Maces & Flails
  2872 | D:3      | Gained mutation: A weak demonic guardian rushes to your
                  | aid. [demonic ancestry]
  2872 | D:3      | Reached XP level 5. HP: 42/42 MP: 5/5
  3247 | D:3      | Found a sparkling altar of Nemelex Xobeh.
  3250 | D:3      | Found a broken altar of Ashenzari.
  3332 | D:3      | You fall into a shaft and drop 2 floors!
  3332 | D:5      | Entered Level 5 of the Dungeon
  3733 | D:4      | Found a runed translucent door.
  3737 | D:4      | Noticed diceflayer's ghost (amateur MiFi)
  3751 | D:4      | Noticed a black bear
  3757 | D:4      | Killed a black bear
  3758 | D:4      | Reached XP level 6. HP: 48/48 MP: 6/6
  3838 | D:4      | Found a runed translucent door.
  3998 | D:4      | Reached skill level 5 in Maces & Flails
  4293 | D:4      | Killed diceflayer's ghost
  4294 | D:4      | Gained mutation: You have a pair of antennae on your head.
                  | [demonic ancestry]
  4294 | D:4      | Reached XP level 7. HP: 55/55 MP: 7/7
  4772 | D:5      | Reached skill level 5 in Fighting
  5043 | D:5      | Found a hazy altar of Hepliaklqana.
  5043 | D:5      | Found a blossoming altar of Fedhas.
  5043 | D:5      | Found a shadowy altar of Dithmenos.
  5051 | D:5      | Found an ancient bone altar of Kikubaaqudgha.
  5056 | D:5      | Found an iron altar of Okawaru.
  5161 | D:6      | Reached skill level 6 in Maces & Flails
  5597 | D:6      | Reached XP level 8. HP: 63/63 MP: 8/8
  5999 | D:6      | Found a basalt altar of Yredelemnul.
  6090 | D:6      | Reached skill level 7 in Maces & Flails
  6225 | D:6      | Found a bloodstained altar of Trog.
  6243 | D:6      | Reached *** piety under Trog
  6735 | D:7      | Reached skill level 5 in Shields
  6894 | D:7      | Noticed Menkaure
  6905 | D:7      | Killed Menkaure
  6906 | D:7      | Reached skill level 8 in Maces & Flails
  7017 | D:7      | Noticed Pikel
  7034 | D:7      | Killed Pikel
  7035 | D:7      | Gained mutation: You have a pair of large antennae on your
                  | head. (SInv) [demonic ancestry]
  7035 | D:7      | Reached XP level 9. HP: 71/71 MP: 9/9
  7290 | D:7      | Found a staircase to the Ecumenical Temple.
  8032 | D:7      | Reached skill level 9 in Maces & Flails
  8212 | D:8      | Noticed Psyche
  8223 | D:7      | Paralysed by a hornet for 1 turns
  8226 | D:7      | HP: 1/108 [hornet (5)]
  8226 | D:7      | Mangled by a killer bee

Table legend: (Time is in decaauts)
 A = Elapsed time spent in this place.
 B = Non-inter-level travel time spent in this place.
 C = Inter-level travel time spent in this place.
 D = Time resting spent in this place.
 E = Time spent auto-exploring this place.
 F = Levels seen in this place.
 G = Mean time per level.
                   A        B        C        D        E       F      G
               +--------+--------+--------+--------+--------+-----+--------+
         Total |   8531 |   8159 |    372 |   1982 |   5010 |   8 | 1066.4 |
       Dungeon |   8531 |   8159 |    372 |   1982 |   5010 |   8 | 1066.4 |
               +--------+--------+--------+--------+--------+-----+--------+

Top non-repeatable levels by time:
     D:1: 1785 daAuts
     D:7: 1683 daAuts
     D:2: 1140 daAuts
     D:5: 1086 daAuts
     D:6: 1079 daAuts
     D:4: 1045 daAuts
     D:3: 699 daAuts
     D:8: 11 daAuts

Table legend:
 A = Kills in this place as a percentage of kills in entire the game.
 B = Kills by you in this place as a percentage of kills by you in the entire game.
 C = Kills by friends in this place as a percentage of kills by friends in the entire game.
 D = Other kills in this place as a percentage of other kills in the entire game.
 E = Experience gained in this place as a percentage of experience gained in the entire game.
 F = Experience gained in this place divided by the number of levels of this place that you have seen.
                   A       B       C       D       E      F
               +-------+-------+-------+-------+-------+----------------------
         Total | 100.0 | 100.0 | 100.0 |   N/A | 100.0 | 535.4
       Dungeon | 100.0 | 100.0 | 100.0 |   N/A | 100.0 | 535.4
               +-------+-------+-------+-------+-------+----------------------

Action                   |  1- 3 |  4- 6 |  7- 9 || total
-------------------------+-------+-------+-------++-------
Melee: Mace              |   106 |    94 |       ||   200
       Flail             |       |    13 |   210 ||   223
Invok: Berserk           |     5 |     5 |     9 ||    19
       Trog's Hand       |       |     1 |     4 ||     5
 Stab: Sleeping          |     1 |     1 |       ||     2
Armor: Animal skin       |    23 |     1 |       ||    24
       Ring mail         |       |    39 |    21 ||    60
       Chain mail        |       |       |    31 ||    31
       Scale mail        |       |       |     4 ||     4
       Plate armour      |       |       |    23 ||    23
Dodge: Dodged            |    59 |    55 |    59 ||   173
Block: Other             |    15 |    36 |    25 ||    76
       Kite shield       |       |       |   111 ||   111

Vanquished Creatures
  Pikel (D:7)
  The ghost of diceflayer the Covered, an amateur MiFi (D:4)
  A yak (D:7)
  Menkaure (D:7)
  3 orc warriors (D:7)
  A sky beast (D:6)
  A black bear (D:4)
  3 ice beasts
  3 necrophages
  An ogre (D:7)
  A centaur (D:6)
  A phantom (D:5)
  A kobold brigand (D:6)
  A bullfrog (D:4)
  A wyvern skeleton (D:6)
  A bullfrog zombie (D:7)
  3 hounds
  5 orc priests
  A bullfrog skeleton (D:4)
  2 centaur skeletons
  A jelly (D:4)
  4 orc wizards
  An iguana (D:6)
  A howler monkey zombie (D:5)
  4 adders
  2 howler monkey skeletons
  A white imp (D:5)
  2 ufetubi
  4 worms
  3 dart slugs
  14 orcs
  6 bats
  5 endoplasms
  4 giant cockroaches
  7 goblins
  6 hobgoblins
  3 jackals (D:5)
  3 quokkas
  5 ball pythons
  3 frilled lizards
  10 kobolds
  5 rats
127 creatures vanquished.

Vanquished Creatures (collateral kills)
  A scorpion (D:6)
1 creature vanquished.

Vanquished Creatures (others)
  2 plants (D:2)
2 creatures vanquished.

Grand Total: 130 creatures vanquished
